 Dungeon Crawl Stone Soup version 0.17-a0-1194-gc654e57 (webtiles) character file.

65 AnnoyedKobold the Sneak (level 4, 0/24 HPs)
             Began as a Kobold Enchanter on June 2, 2015.
             Slain by an adder (4 damage)
             ... on level 2 of the Dungeon.
             The game lasted 00:05:18 (2226 turns).

AnnoyedKobold the Sneak (Kobold Enchanter)          Turns: 2226, Time: 00:05:18

Health: 0/24       AC:  3    Str:  2 (6)  XL:     4   Next: 35%
Magic:  2/8        EV: 13    Int: 13      God:
Gold:   106        SH:  0    Dex: 17      Spells: 2 memorised, 6 levels left

rFire  . . .     SeeInvis .     i - -1 dagger (curse)
rCold  . . .     Clarity  +     h - +0 leather armour
rNeg   . . .     SustAt   .     (shield restricted)
rPois  .         Gourm    .     (no helmet)
rElec  .         Spirit   .     (no cloak)
rCorr  .         Warding  .     (no gloves)
rMut   .         Stasis   .     (no boots)
MR     .....                    e - amulet of clarity
Stlth  +++.......               (no ring)
                                (no ring)

@: lethally poisoned (0 -> -3), very slightly contaminated, not resistant to
hostile enchantments, fairly stealthy
A: carnivore 3
a: no special abilities


You were on level 2 of the Dungeon.
You were not hungry.

You visited 1 branch of the dungeon, and saw 3 of its levels.

You collected 106 gold pieces.

Inventory:

Hand weapons
 a - a +1 dagger
 i - a cursed -1 dagger (weapon)
Armour
 h - a +0 leather armour (worn)
Jewellery
 e - an amulet of clarity (around neck)
Scrolls
 k - a scroll of identify {unknown}
 l - 2 scrolls of enchant armour {unknown}
 m - a scroll of blinking {unknown}
Potions
 b - a potion of lignification {unknown}
 f - a potion of haste
 j - a potion of cure mutation {unknown}
Books
 c - a book of Maledictions

   Spells                             Type                      Level
   a - Corona                         Hexes                        1
   b - Ensorcelled Hibernation        Hexes/Ice                    2
   c - Confuse                        Hexes                        3
   d - Tukima's Dance                 Hexes                        3
   e - Dazzling Spray                 Conjuration/Hexes            3
Comestibles
 d - a meat ration


   Skills:
 - Level 1.3 Short Blades
 - Level 2.4 Dodging
 - Level 4.0 Stealth
 + Level 3.1 Spellcasting
 + Level 4.0 Hexes


You had 6 spell levels left.
You knew the following spells:

 Your Spells              Type           Power        Failure   Level  Hunger
a - Corona                Hex            ##.....      12%         1    #......
b - Ensorcelled Hibernat  Hex/Ice        #.....       38%         2    ##.....


Dungeon Overview and Level Annotations

Branches:
Dungeon (3/15)

Altars:


Innate Abilities, Weirdness & Mutations

You are small and have problems with some larger weapons.
You are carnivorous and can eat meat at any time.


Message History

You hit the adder but do no damage.
The adder is heavily wounded.
The adder bites you.
* * * LOW HITPOINT WARNING * * *
You are poisoned.
The adder poisons you!
You hit the adder.
The adder is severely wounded.
You feel sick. The adder closely misses you.
You barely miss the adder.
The adder is severely wounded.
The adder bites you.
* * * LOW HITPOINT WARNING * * *
Drink which item? (? for menu, Esc to quit)
It was a potion of degeneration.
There was something very wrong with that liquid.
You feel weakened.
* * * LOW HITPOINT WARNING * * *
You feel sick. The adder bites you.
You die...

# #....####.# ##########
#.##.####.###########
.........####.#..)...........
...
###.............>####.#######
. #.####.####.##.# #.# #.#
#.# #.##.# #.# # #.#
#.####.##.# #.# #.## #.#
#......##.# #h# #... #.#
#########@# #.########### #.#
########S# #....h.......
#........# #############
#.######## # #.# ###### #.#
#..... #.# ...... #.# ...###
#.# ?.


You could see an adder.

Vanquished Creatures
  Natasha (D:2)
  2 adders (D:2)
  5 bats (D:1)
  2 giant cockroaches (D:2)
  A hobgoblin (D:1)
  2 jackals (D:2)
  A giant newt (D:1)
  4 goblins
  5 kobolds (D:1)
  6 rats (D:1)
29 creatures vanquished.

Notes
Turn   | Place    | Note
--------------------------------------------------------------
     0 | D:1      | AnnoyedKobold the Kobold Enchanter began the quest for the Orb.
     0 | D:1      | Reached XP level 1. HP: 10/10 MP: 3/3
   222 | D:1      | Reached XP level 2. HP: 15/15 MP: 5/5
  1264 | D:1      | Learned a level 2 spell: Ensorcelled Hibernation
  1318 | D:2      | Reached XP level 3. HP: 19/19 MP: 6/6
  1691 | D:2      | Noticed Natasha
  1698 | D:2      | Killed Natasha
  1698 | D:2      | Reached XP level 4. HP: 17/24 MP: 1/8
  2226 | D:2      | Slain by an adder

Vault maps used:
D:1:      dpeg_arrival_round_b
D:2:      nicolae_overflow_hidden_temple, uniq_natasha
D:3:      first_bread, uniq_iyjb, uniq_purgy

Action                   |  1- 3 |  4- 6 || total
-------------------------+-------+-------++-------
Melee: Dagger            |    71 |    38 ||   109
 Cast: Ensorcelled Hiber |     5 |     5 ||    10
       Corona            |     1 |       ||     1
  Use: Scroll            |     1 |       ||     1
       Potion            |       |     2 ||     2
 Stab: Sleeping          |    12 |     2 ||    14
  Eat: Chunk             |     5 |     3 ||     8
